 Dungeon Crawl Stone Soup version 0.30.0-5-g1a98f26d00 (webtiles) character file.

Game seed: 1722673443228214219

78 browni3141 the Trooper (level 4, -3/50 HPs)
             Began as an Ogre Delver on May 10, 2023.
             Asphyxiated
             ... on level 5 of the Dungeon.
             The game lasted 00:00:45 (152 turns).

browni3141 the Trooper (Ogre Delver)                 Turns: 152, Time: 00:00:45

Health: -3/50      AC:  3    Str: 18    XL:     4   Next: 36%
Magic:  4/4        EV:  9    Int: 11    God:
Gold:   0          SH:  0    Dex: 10    Spells: 3/3 levels left

rFire   . . .        J - +3 dagger (venom)
rCold   . . .        (no shield)
rNeg    . . .        b - +0 robe
rPois   .            (helmet restricted)
rElec   .            (no cloak)
rCorr   .            (gloves unavailable)
SInv    .            (boots unavailable)
Will    .....        (no amulet)
Stlth   ++           (no ring)
HPRegen 0.28/turn    (no ring)
MPRegen 0.09/turn

%: no passive effects
@: lethally poisoned (-3 -> -11)
A: large, unfitting armour, tough skin 1
a: no special abilities


You were on level 5 of the Dungeon.
You visited 1 branch of the dungeon, and saw 1 of its levels.

Inventory:

Hand Weapons
 a - a +0 mace
 J - a +3 dagger of venom (weapon)
Armour
 b - a +0 robe (worn)
Wands
 g - a wand of digging (2)
Scrolls
 d - a scroll of magic mapping
 e - a scroll of fear
 F - a scroll of fog
Potions
 h - a potion of haste
 G - a potion of curing {unknown}
 H - a potion of lignification {unknown}
 I - a potion of might {unknown}


   Skills:
 + Level 5.0 Fighting
 * Level 3.4 Maces & Flails
 - Level 1.7 Dodging
 - Level 3.7 Stealth


You had 3 spell levels left.
You didn't know any spells.
Your spell library was empty.

Dungeon Overview and Level Annotations

Branches:
Dungeon (5/15)
 Temple: D:4-7

Altars:

Annotations:
D:5 3 runed translucent doors, Sanktem7's ghost, novice MiFi


Innate Abilities, Weirdness & Mutations

You are too large for most types of armour.
You have tough skin. (AC +1)


Message History

Your Maces & Flails skill increases to level 2!
Found a runed translucent gate.
You open the door.
There is an open door here.
A kobold comes into view. It is wielding a +0 dagger.
Sanktem7's ghost turns its malevolent gaze towards you.
The kobold moves out of view.
A kobold comes into view. It is wielding a +3 dagger of venom.
Sanktem7's ghost wails, "Very impressive.
But it won't help.
Nothing will." 2 kobolds come into view.
The kobold shouts!
An adder comes into view.
The kobold shouts!
The adder hisses angrily.
You hear a shout!
A kobold comes into view. It is wielding a +0 dagger.
You hear a shout!
You start waiting.
A kobold is nearby!
You closely miss the kobold. The kobold closely misses you.
You hit the kobold.
You kill the kobold!
You have reached level 2!
Things that are here:
a +3 dagger of venom; a kobold corpse
J - a +3 dagger of venom Your +3 dagger of venom begins to drip with poison!
J - a +3 dagger of venom (weapon)
An adder is nearby!
A scorpion comes into view.
The adder bites you.
The scorpion moves out of view.
You closely miss the adder. The adder bites you.
You hit the adder.
The adder is poisoned.
The adder is moderately wounded.
The adder bites you but does no damage. The adder closely misses you.
You miss the adder.
The adder is moderately wounded.
The kobold shouts!
The adder bites you.
You are poisoned.
The adder poisons you!
You hit the adder.
The adder looks even sicker.
The adder is heavily wounded.
You feel sick. The adder bites you but does no damage.
You hit the adder.
The adder looks as sick as possible!
The adder is almost dead.
You feel sick.
You kill the adder!
The iguana hisses menacingly.
You feel sick.
You feel sick.
You are no longer poisoned.
A kobold brigand comes into view.
It is wielding a +0 short sword and quivering curare-tipped darts.
The kobold brigand shouts!
You hit the kobold.
You kill the kobold!
An orc comes into view.
It is wielding a +1 hand axe of freezing.
The scorpion attacks as you move away! The scorpion stings you.
The orc shouts!
The orc hits you with a +1 hand axe of freezing.
The orc freezes you. The scorpion attacks as you move away!
The scorpion stings you but does no damage.
The orc attacks as you move away! The orc hits you but does no damage.
You closely miss the scorpion.
The scorpion stings you but does no damage. x2
You hit the scorpion but do no damage. The scorpion closely misses you.
You hit the scorpion.
The scorpion is poisoned.
The scorpion is moderately wounded.
The scorpion stings you.
You are poisoned.
The scorpion poisons you!
Unknown command.
Aiming: Dig
Press: ? - help, Shift-Dir - straight line A rock wall.
The rock shatters into small pieces.
You feel very sick. The scorpion stings you.
The scorpion attacks as you move away! The scorpion closely misses you.
You feel sick.
You feel sick. The scorpion stings you.
* * * LOW HITPOINT WARNING * * *
You feel sick. The scorpion attacks as you move away! The scorpion misses you.
You feel sick.
You feel sick.
You feel sick.
You kill the scorpion!
Your Fighting skill increases to level 5!
Your Maces & Flails skill increases to level 3!
You have reached level 3!
Your experience leads to an increase in your attributes!
Increase (S)trength, (I)ntelligence, or (D)exterity?
You feel stronger. x3
You have reached level 4!
You feel sick.
You are no longer poisoned.
The kobold brigand throws a curare-tipped dart.
The curare-tipped dart hits you.
You are lethally poisoned!
You have difficulty breathing.
You die...

#.#..# #.........# #....[...
#..# #.........# #.##....#
#..# #.####.#.## #.####.>#
#..###.####.#.######.#######
#...K#........##........#
#.K##.......####........#
#..###.........+........#
#### #..o..#####........####
+..†..@..........[.....
#.....#####........####
#.....# #........# #......#
########## ########


You could see a kobold brigand and an orc.

Vanquished Creatures
  A scorpion (D:5)
  An adder (D:5)
  An ufetubus (D:5)
  2 kobolds (D:5)
5 creatures vanquished.

Notes
Turn   | Place    | Note
-------+----------+-------------------------------------------
     0 | D:5      | browni3141 the Ogre Delver began the quest for the Orb.
     0 | D:5      | Reached XP level 1. HP: 24/24 MP: 1/1
    85 | D:5      | Found a runed translucent gate.
    86 | D:5      | Found a runed translucent gate.
    87 | D:5      | Found a runed translucent gate.
    87 | D:5      | Noticed an iguana
    90 | D:5      | Noticed Sanktem7's ghost (novice MiFi)
    90 | D:5      | Noticed a sleepcap
    90 | D:5      | Noticed a steam dragon
   111 | D:5      | Reached XP level 2. HP: 32/32 MP: 2/2
   119 | D:5      | Noticed a scorpion
   129 | D:5      | Noticed a kobold brigand
   151 | D:5      | Killed a scorpion
   152 | D:5      | Reached skill level 5 in Fighting
   152 | D:5      | Reached skill level 3 in Maces & Flails
   152 | D:5      | Reached XP level 3. HP: 6/42 MP: 3/3
   152 | D:5      | Reached XP level 4. HP: 7/50 MP: 4/4
   152 | D:5      | Asphyxiated

Illustrated notes

Levels and vault maps discovered:
D:5:      layout_basic, eat_drink_and_be_merry_uskayaw, serial_shops, shop,
          gammafunk_ghost_split

Skill      XL: |  1  2 |
---------------+-------+-----
Maces & Flails | 2 3 |  3.4
Fighting       | 5 |  5.0
Dodging        | |  1.7
Stealth        | |  3.7

Action                     |  1- 3 |  4- 6 || total
---------------------------+-------+-------++-------
  Melee: Mace              |     3 |       ||     3
         Dagger            |     9 |       ||     9
  Evoke: Wand              |     1 |       ||     1
 Armour: Robe              |     6 |       ||     6
  Dodge: Dodged            |     5 |       ||     5
